 Seeded DCSS version 0.30-a0-777-ga9a30cb (webtiles) character file.

Game seed: 8324729408565558965 (custom seed)

112 malesh the Covered (level 4, -5/28 HPs)
             Began as a Tengu Fighter on Feb 14, 2023.
             Killed by divine providence
             ... invoked by an orc priest
              (12 damage)
             ... on level 3 of the Dungeon.
             The game lasted 00:05:35 (1514 turns).

malesh the Covered (Tengu Fighter)                  Turns: 1514, Time: 00:05:36

Health: -5/28      AC:  7    Str: 18    XL:     4   Next: 93%
Magic:  5/5        EV:  9    Int:  8    God:
Gold:   103        SH:  5    Dex: 14    Spells: 3/3 levels left

rFire   . . .      SeeInvis +    a - +2 trident
rCold   . . .      Faith    .    c - +0 buckler
rNeg    . . .      Spirit   .    b - +0 scale mail
rPois   .          Reflect  .    (helmet restricted)
rElec   .          Harm     .    (no cloak)
rCorr   .          Rampage  .    (no gloves)
Will    .....                    (boots unavailable) Stlth
                                 (no amulet)
HPRegen 0.24/turn                m - ring of see invisible
MPRegen 0.09/turn                (no ring)

@: no status effects
A: beak, talons 3
a: no special abilities


You were on level 3 of the Dungeon.
You visited 1 branch of the dungeon, and saw 3 of its levels.

You collected 103 gold pieces.

Inventory:

Hand Weapons
 a - a +2 trident (weapon)
Armour
 b - a +0 scale mail (worn)
 c - a +0 buckler (worn)
Jewellery
 m - a ring of see invisible (left hand)
 n - a ring of positive energy
Scrolls
 f - a scroll of amnesia
 g - a scroll of acquirement {unknown}
 h - a scroll of fog {unknown}
 j - a scroll of enchant armour {unknown}
 k - a scroll of noise
 l - 2 scrolls of teleportation
Potions
 d - 2 potions of might
 e - 2 potions of brilliance {unknown}
 i - a potion of heal wounds {unknown}
 o - a potion of curing {unknown}
 p - a potion of cancellation {unknown}


   Skills:
 + Level 3.6 Fighting
 + Level 3.5 Polearms
 + Level 4.2 Armour
 + Level 3.4 Shields


You had 3 spell levels left.
You didn't know any spells.
Your spell library contained the following spells:

 Spells                   Type           Power      Damage    Failure   Level
 Static Discharge         Conj/Air       0%         2-2/arc   95%         2
 Gell's Gravitas          Tloc           0%         N/A       99%         3
 Teleport Other           Tloc           0%         N/A       99%         3
 Vhi's Electric Charge    Tloc/Air       0%         N/A       99%         3
 Arcjolt                  Conj/Air       0%         1d10      100%        5
 Lightning Bolt           Conj/Air       0%         1d11      100%        5
 Dispersal                Tloc           0%         N/A       100%        6


Dungeon Overview and Level Annotations

Branches:
Dungeon (3/15)

Altars:

Shops:
D:2 (:=


Innate Abilities, Weirdness & Mutations

You have a beak for a mouth.
You have claws for feet.


Message History

The orc priest shouts!
You block the orc's attack.
You reach to attack!
You closely miss the orc.
You reach to attack!
You puncture the orc!
You kill the orc!
You reach to attack!
You hit the orc priest.
The orc priest is lightly wounded.
The frilled lizard unfolds its giant frill.
You hit the orc priest.
The orc priest is lightly wounded.
The orc priest closely misses you.
The orc priest casts a cantrip, but nothing happens.
You barely miss the orc priest. Your kick misses the orc priest.
You peck the orc priest.
The orc priest is moderately wounded.
The orc priest hits you but does no damage.
The orc priest calls down the wrath of Beogh upon you.
Beogh smites you! You block the orc priest's attack.
You hit the orc priest but do no damage.
Your kick misses the orc priest. You peck the orc priest.
The orc priest is heavily wounded.
The orc priest barely misses you.
You hit the orc priest. You claw the orc priest.
You kill the orc priest!
You barely miss the orc. Your kick misses the orc. You peck the orc.
The orc is heavily wounded.
You block the orc's attack.
You hit the orc but do no damage.
The orc is heavily wounded.
The orc closely misses you.
The orc priest calls down the wrath of Beogh upon you.
Beogh smites you!
* * * LOW HITPOINT WARNING * * *
You puncture the orc!
You kill the orc!
You barely miss the frilled lizard. Your kick misses the frilled lizard.
The frilled lizard closely misses you.
The orc priest mumbles some strange prayers to Beogh against you.
Beogh smites you!
You die...

#.# #.# #.# #..
#.# #o# #l# #
..# ##### #@#
...#.#
##...###.#
#...###..#..#..#
#......###...##
##.###..#..#.#
#.# ##...##.####
#.# ##.........
#[#####.#.......
#.......#.#.####


You could see an orc priest and a frilled lizard.

Vanquished Creatures
  An orc priest (D:3)
  3 adders (D:2)
  2 orcs (D:3)
  4 ball pythons
  2 bats
  11 endoplasms
  3 giant cockroaches
  7 goblins
  4 hobgoblins
  2 frilled lizards
  2 kobolds (D:3)
  10 rats
51 creatures vanquished.

Notes
Turn   | Place    | Note
-------+----------+-------------------------------------------
     0 | D:1      | malesh the Tengu Fighter began the quest for the Orb.
     0 | D:1      | Reached XP level 1. HP: 14/14 MP: 2/2
     6 | D:1      | Noticed a water moccasin
     6 | D:1      | Noticed a hound
     6 | D:1      | Noticed an iguana
   104 | D:1      | Reached XP level 2. HP: 19/19 MP: 3/3
   609 | D:1      | Reached XP level 3. HP: 23/23 MP: 4/4
   670 | D:2      | Reached skill level 4 in Armour
   758 | D:2      | Found Miusei's Book Boutique.
   758 | D:2      | Found Usocics's Antique Weapon Shop.
   777 | D:2      | Reached XP level 4. HP: 26/28 MP: 5/5
   898 | D:2      | Found Caq Uru's Jewellery Shop.
  1420 | D:3      | Found the +2 ratskin cloak {*Rats rPois rN+ Str-1 Int-1
                  | Dex+1}
  1514 | D:3      | Killed from afar by an orc priest

Illustrated notes

Levels and vault maps discovered:
D:1:      onia_arrival_zoo_common, layout_basic
D:2:      layout_loops_cross, serial_shops, shop, nicolae_shop_statue_plus,
          nicolae_shop_statue_plus, minmay_tromino_v7
D:3:      layout_loops_ring, mainiacjoe_overflow_brackets,
          mainiacjoe_overflow_catwalk_spiral, uniq_jessica

Skill      XL: |  1  2  3  4 |
---------------+-------------+-----
Armour         | 4 |  4.2
Polearms       | 3 |  3.5
Fighting       | |  3.6
Shields        | |  3.4

Action                     |  1- 3 |  4- 6 || total
---------------------------+-------+-------++-------
  Melee: Trident           |    63 |    41 ||   104
         Peck              |     7 |     5 ||    12
         Kick              |    10 |     4 ||    14
    Use: Scroll            |     4 |     3 ||     7
 Armour: Scale mail        |    20 |     9 ||    29
  Dodge: Dodged            |    13 |    13 ||    26
  Block: Buckler           |     8 |     6 ||    14

Table legend: (Time is in decaauts)
 A = Elapsed time spent in this place.
 B = Non-inter-level travel time spent in this place.
 C = Inter-level travel time spent in this place.
 D = Time resting spent in this place.
 E = Time spent auto-exploring this place.
 F = Levels seen in this place.
 G = Mean time per level.
                   A        B        C        D        E       F      G
               +--------+--------+--------+--------+--------+-----+--------+
         Total |   1535 |   1446 |     89 |     25 |   1132 |   3 |  511.7 |
       Dungeon |   1535 |   1446 |     89 |     25 |   1132 |   3 |  511.7 |
               +--------+--------+--------+--------+--------+-----+--------+

Top non-repeatable levels by time:
     D:2: 729 daAuts
     D:1: 656 daAuts
     D:3: 148 daAuts
